AoeStats
← MooSkita

Black Forest

505908358Analyzed
4v4 RM · 22d ago on Sep 11, 2026· 49m 40s· 8 players
Game mode
Random Map
Map size
Large (8 player)
Population
200
Speed
Normal
Resources
Standard
Victory
Conquest
Starting age
Dark Age
Ending age
Imperial Age
RankedLock teamsTeams togetherTeam positionsShared explorationLock speedFull tech treeHidden civsTurbo modeCheats
Victory
Defeat
🇱🇻 Lithuanians · Latvia
902
+12
🇹🇷 Turks · Türkiye
855
+14
🇹🇷 Burgundians · Türkiye
833
+14
🇩🇪 Cumans · Germany
757
+17
🇪🇸 Georgians · Spain
863
-17
🇺🇸 Byzantines · United States
799
-14
787
-14
🇪🇸 Sicilians · Spain
752
-21
Janko_22
6:33 Loom
15:21 Feudal Age
18:11 Double-Bit Axe
18:13 Horse Collar
19:41 Town Watch
25:03 Wheelbarrow
26:59 Scale Mail Armor
27:14 Forging
27:05 Gold Mining
27:05 Stone Mining
30:46 Castle Age
32:58 Fletching
33:09 Padded Archer Armor
34:35 Capped Ram
35:22 Squires
36:37 Bow Saw
39:43 Imperial Age
37:29 Steppe Husbandry
38:10 Town Patrol
38:11 Arson
39:30 Iron Casting
39:01 Scale Barding Armor
39:21 Bloodlines
39:56 Murder Holes
43:11 Chain Barding Armor
43:52 Blast Furnace
42:48 Elite Steppe Lancer
43:50 Heavy Plow
44:10 Hand Cart
45:32 Chemistry
44:33 Man-at-Arms
46:45 Caravan
47:44 Conscription
49:51 Two-Man Saw
AjeziSajirava
10:03 Feudal Age
10:38 Loom
14:31 Castle Age
13:26 Double-Bit Axe
13:41 Horse Collar
16:37 Bow Saw
20:04 Heavy Plow
27:49 Imperial Age
25:48 Scale Barding Armor
25:54 Forging
26:22 Wheelbarrow
26:08 Bloodlines
26:06 Husbandry
26:21 Caravan
26:56 Scale Mail Armor
27:21 Chain Barding Armor
26:39 Pikeman
27:55 Cavalier
29:14 Iron Casting
28:46 Gold Mining
28:51 Onager
31:51 Chemistry
31:16 Ballistics
32:28 Plate Barding Armor
34:41 Paladin
36:34 Masonry
Crimson_Tide
1:08 Loom
9:24 Wheelbarrow
12:41 Feudal Age
12:28 Double-Bit Axe
15:05 Hand Cart
21:02 Castle Age
20:39 Bow Saw
22:15 Stone Mining
27:00 Gold Mining
28:33 Town Watch
29:10 Horse Collar
30:02 Heavy Plow
32:50 Crop Rotation
33:23 Two-Man Saw
33:12 Gold Shaft Mining
35:47 Imperial Age
33:55 Burgundian Vineyards
33:34 Treadmill Crane
34:50 Squires
34:37 Arson
35:28 Ballistics
35:22 Fortified Wall
35:44 Medium Warships
35:43 Husbandry
36:09 Town Patrol
36:23 Elite Skirmisher
38:17 Chemistry
37:41 Conscription
37:52 Caravan
38:15 Fletching
38:26 Padded Archer Armor
38:36 Forging
38:32 Scale Barding Armor
38:28 Scale Mail Armor
37:53 Pikeman
39:40 Bodkin Arrow
40:01 Leather Archer Armor
39:48 Fishing Lines
42:45 Halberdier
45:04 Bracer
45:39 Iron Casting
45:20 Chain Mail Armor
45:38 Elite Coustillier
49:02 Blast Furnace
48:33 Plate Mail Armor
48:23 Chain Barding Armor
Sole
0:27 Loom
11:57 Feudal Age
12:25 Double-Bit Axe
22:27 Castle Age
20:24 Horse Collar
20:41 Stone Mining
21:43 Gold Mining
23:53 Bow Saw
25:01 Wheelbarrow
25:35 Fishing Lines
26:22 Gillnets
27:54 Gold Shaft Mining
29:24 Hand Cart
30:26 Fletching
30:37 Padded Archer Armor
30:51 Caravan
31:15 Heavy Plow
35:34 Imperial Age
34:13 Ballistics
33:50 Murder Holes
34:14 Leather Archer Armor
34:09 Bodkin Arrow
34:34 Husbandry
34:54 Bloodlines
37:10 Conscription
36:12 Elite Janissary
36:48 Treadmill Crane
37:13 Bracer
39:18 Two-Man Saw
38:45 Forging
38:41 Scale Barding Armor
39:08 Ring Archer Armor
46:15 Artillery
47:29 Iron Casting
MANTECOÑO63
0:33 Loom
12:48 Feudal Age
20:27 Castle Age
19:34 Double-Bit Axe
20:07 Horse Collar
21:45 Gold Mining
23:35 Stone Mining
23:57 Bow Saw
23:49 Heavy Plow
31:45 Imperial Age
31:53 Imperial Age
30:00 Wheelbarrow
31:15 Hand Cart
30:46 Town Watch
31:31 Forging
31:27 Scale Barding Armor
31:38 Bloodlines
32:05 Husbandry
33:53 Iron Casting
33:56 Treadmill Crane
35:00 Elite Monaspa
36:29 Conscription
38:30 Blast Furnace
37:51 Chain Barding Armor
38:08 Onager
42:25 Ballistics
41:59 Fletching
48:40 Capped Ram
MooSkita
5:22 Loom
12:04 Feudal Age
12:25 Horse Collar
13:04 Town Watch
16:03 Forging
17:41 Double-Bit Axe
19:32 Fletching
20:46 Wheelbarrow
24:41 Castle Age
24:02 Gold Mining
24:03 Stone Mining
25:39 Bodkin Arrow
26:19 Iron Casting
25:46 Scale Mail Armor
25:50 Heavy Plow
26:02 Bow Saw
26:40 Bow Saw
27:11 Town Patrol
28:16 Hand Cart
29:08 Chain Mail Armor
29:17 Caravan
30:32 Devotion
33:37 Imperial Age
36:59 Blast Furnace
36:32 Elite Serjeant
38:08 Gold Shaft Mining
37:27 Stone Mining
38:12 Crop Rotation
vladimir
1:32 Loom
12:19 Feudal Age
12:52 Double-Bit Axe
14:36 Wheelbarrow
13:47 Fishing Lines
23:24 Castle Age
21:10 Horse Collar
24:30 Hand Cart
25:19 Hand Cart
25:22 Bow Saw
25:07 Gillnets
24:53 Elite Skirmisher
25:39 Thumb Ring
26:18 Fletching
28:44 Bodkin Arrow
28:49 Padded Archer Armor
28:52 Heavy Plow
29:57 Forging
29:47 Scale Mail Armor
29:35 Treadmill Crane
30:05 Fortified Wall
30:16 Ballistics
31:23 Caravan
33:27 Murder Holes
33:23 Guard Tower
38:03 Imperial Age
36:10 Iron Casting
35:40 Scale Barding Armor
35:52 Leather Archer Armor
37:15 Husbandry
36:55 Pikeman
37:35 Squires
38:10 Heavy Camel Rider
39:23 Chain Barding Armor
39:04 Bracer
39:35 Ring Archer Armor
40:07 Chemistry
38:54 Arrowslits
40:18 Halberdier
45:39 Gold Mining
48:11 Plate Barding Armor
☯︎ PΔTΔS DΞ STΞΞL ☯
1:17 Loom
15:07 Feudal Age
16:25 Wheelbarrow
15:43 Double-Bit Axe
19:15 Gold Mining
21:58 Castle Age
21:41 Forging
21:36 Scale Barding Armor
21:26 Stone Mining
23:34 Hand Cart
25:01 Gold Shaft Mining
25:40 Bow Saw
28:52 Caravan
29:00 Caravan
33:44 Imperial Age
31:28 Husbandry
37:18 Iron Casting
37:03 Chain Barding Armor
36:43 Cavalier
39:01 Paladin
40:45 Blast Furnace
40:20 Plate Barding Armor
41:55 Chivalry
42:16 Conscription
Connection lost

Rejoining the realm…

Still unreachable

The connection could not be restored.

Session expired

The server has moved on; the page needs a fresh start.